 Dungeon Crawl Stone Soup version 0.28-a0-723-g095bd1b44f (webtiles) character file.

Game seed: 9729057649600381102

329 cheechan the Chopper (level 6, -3/57 HPs)
             Began as a Naga Chaos Knight on Oct 25, 2021.
             Was a Plaything of Xom.
             Slain by Purgy (4 damage)
             ... on level 4 of the Dungeon.
             The game lasted 00:09:38 (3010 turns).

cheechan the Chopper (Naga Chaos Knight)            Turns: 3010, Time: 00:09:39

Health: -3/57      AC:  7    Str: 16    XL:     6   Next: 50%
Magic:  0/6        EV:  9    Int: 12    God:    Xom [.....*]
Gold:   162        SH:  0    Dex: 11    Spells: 5/5 levels left

rFire   . . .      SeeInvis +   u - +4 short sword
rCold   . . .      Faith    .   (no shield)
rNeg    . . .      Spirit   +   b - +2 leather armour
rPois   +          Reflect  .   (no helmet)
rElec   .          Harm     .   (no cloak)
rCorr   .          Rampage  .   p - +1 pair of gloves
Will    .....                   (no barding)
Stlth   +.........              c - amulet of guardian spirit
HPRegen 0.19/turn               q - ring of poison resistance
MPRegen 0.10/turn               (no ring)

@: very slow
A: AC +2, large, see invisible, deformed body, poison resistance, slowness 2,
spit poison 1, naga tail 1
a: Spit Poison, Renounce Religion


You were on level 4 of the Dungeon.
You worshipped Xom.
You were Xom's teddy bear.
You visited 1 branch of the dungeon, and saw 4 of its levels.

You collected 162 gold pieces.

Inventory:

Hand Weapons
 a - a +0 hand axe of chaos
 g - a +0 hunting sling
 r - a +0 hand axe
 t - a +0 long sword
 u - a +4 short sword (weapon)
Missiles
 e - 66 stones
 f - 41 arrows
 j - 9 bolts
 m - 7 poisoned darts
 n - 16 sling bullets
Armour
 b - a +2 leather armour (worn)
 p - a +1 pair of gloves (worn)
Jewellery
 c - an amulet of guardian spirit (around neck)
 q - a ring of poison resistance (left hand)
 s - a ring of positive energy
Scrolls
 v - 2 scrolls of teleportation
Potions
 d - 3 potions of attraction
 i - a potion of degeneration {unknown}
 k - 2 potions of berserk rage {unknown}
 l - 2 potions of heal wounds {unknown}
 o - 2 potions of mutation {unknown}


   Skills:
 + Level 4.1 Fighting
 + Level 1.6 Short Blades
 + Level 4.6 Axes
 + Level 2.7 Armour
 + Level 2.1 Dodging
 + Level 1.3 Stealth


You had 5 spell levels left.
You didn't know any spells.
Your spell library was empty.

Dungeon Overview and Level Annotations

Branches:
Dungeon (4/15)
 Temple: D:4-7

Altars:
Hepliaklqana
Sif Muna

Shops:
D:1 *   D:2 [   D:3 (

Annotations:
D:4 Purgy


Innate Abilities, Weirdness & Mutations

Your serpentine skin is tough. (AC +2)
You have supernaturally acute eyesight. (SInv)
Armour fits poorly on your strangely shaped body.
Your system is resistant to poisons. (rPois)
You cover ground very slowly.
You can spit poison.
You have a snake-like lower body.


Message History

You hit Purgy.
Purgy is moderately wounded.
Purgy bites you but does no damage. Purgy claws you.
* * * LOW HITPOINT WARNING * * *
Purgy barely misses you.
You barely miss Purgy.
Purgy is moderately wounded. "Let's try an experiment, hmmm?"
Your purple potion falls out of your pack, then immediately jumps back in!
You are now Xom's teddy bear.
Purgy closely misses you. Purgy claws you.
* * * LOW HITPOINT WARNING * * *
Purgy claws you but does no damage.
You barely miss Purgy.
Purgy is moderately wounded.
Purgy closely misses you. Purgy claws you.
* * * LOW HITPOINT WARNING * * *
Purgy closely misses you.
You barely miss Purgy.
Purgy is lightly wounded.
Purgy barely misses you. Purgy claws you.
* * * LOW HITPOINT WARNING * * *
Purgy closely misses you.
You completely miss Purgy.
Purgy is lightly wounded.
Purgy bites you but does no damage. Purgy claws you but does no damage.
Purgy claws you.
* * * LOW HITPOINT WARNING * * *
You hit Purgy but do no damage.
Purgy is lightly wounded.
Purgy bites you.
* * * LOW HITPOINT WARNING * * *
Purgy claws you.
* * * LOW HITPOINT WARNING * * *
Purgy closely misses you.
You barely miss Purgy.
Purgy is lightly wounded.
Purgy bites you.
You die...
Xom is highly amused!

..#.[#.._..#.............
#....#.....#.............
..#..#.....#.............
..##†#######.)†..........
......................##
#.....................#
.....................##
#..#.............)...###
...............§@........
.........##.....T........
..........##.##..........
#.....#....#. #<.........
÷...###...... ...........
...## ##...#.............
..## ...#............
..## ..##............
....#


You could see Purgy.

Vanquished Creatures
  Blork the orc (D:4)
  A scorpion (D:4)
  A hound (D:3)
  An iguana (D:4)
  7 adders
  A worm (D:2)
  3 dart slugs
  10 ball pythons
  7 bats
  3 endoplasms
  3 giant cockroaches
  4 goblins
  11 hobgoblins
  5 jackals
  4 quokkas
  4 frilled lizards
  5 kobolds
  4 rats
75 creatures vanquished.

Vanquished Creatures (others)
  2 plants (D:1)
2 creatures vanquished.

Grand Total: 77 creatures vanquished

Notes
Turn   | Place    | Note
-------+----------+-------------------------------------------
     0 | D:1      | cheechan the Naga Chaos Knight began the quest for the Orb.
     0 | D:1      | Reached XP level 1. HP: 21/21 MP: 1/1
    46 | D:1      | You fall into a shaft and drop 1 floor!
   246 | D:2      | Reached XP level 2. HP: 24/28 MP: 2/2
   537 | D:3      | Reached XP level 3. HP: 34/34 MP: 3/3
   574 | D:3      | Found Leck's Antique Weapon Shop.
   578 | D:3      | Found a shimmering blue altar of Sif Muna.
   594 | D:3      | XOM: divination: magic mapping
   653 | D:3      | HP: 1/34 [hound (2)]
   657 | D:3      | Reached skill level 1 in Dodging
   657 | D:3      | Reached XP level 4. HP: 1/44 MP: 1/4
  1300 | D:2      | Found Hoyrchil's Armour Boutique.
  1386 | D:1      | Reached XP level 5. HP: 47/50 MP: 5/5
  1412 | D:1      | Found Ziareetasch's Assorted Antiques.
  1609 | D:1      | XOM: silly message
  1622 | D:1      | XOM: 9-stop teleportation journey
  2489 | D:4      | Found a hazy altar of Hepliaklqana.
  2496 | D:4      | Noticed Blork the orc
  2788 | D:4      | XOM: potion effect (might)
  2792 | D:4      | Reached skill level 1 in Stealth
  2898 | D:4      | Reached skill level 1 in Short Blades
  2898 | D:4      | Reached XP level 6. HP: 25/57 MP: 3/6
  2984 | D:4      | XOM: confuse monster(s)
  2987 | D:4      | XOM: noise
  2989 | D:4      | XOM: smoke on damage
  2991 | D:4      | Noticed Purgy
  3001 | D:4      | Killed Blork the orc
  3005 | D:4      | XOM: silly message
  3009 | D:4      | HP: 2/57 [Purgy (3)]
  3010 | D:4      | Slain by Purgy

Illustrated notes

Levels and vault maps discovered:
D:1:      minmay_arrival_plants_in_alcoves, layout_rooms, serial_shops,
          nicolae_shop_overgrown_old_shop
D:2:      layout_basic, serial_shops, shop, lightli_corner_chamber
D:3:      layout_basic, led_sif_pool, serial_shops, shop
D:4:      layout_cave_pools, amcnicky_altar_gilded,
          nicolae_tso_carved_into_rock, uniq_blork_the_orc, uniq_purgy

Skill      XL: |  1  2  3  4  5 |
---------------+----------------+-----
Armour         | 2 |  2.7
Dodging        | 1 2 |  2.1
Axes           | 4 |  4.6
Stealth        | 1 |  1.3
Fighting       | 4 |  4.1
Short Blades   | 1 |  1.6

Action                   |  1- 3 |  4- 6 || total
-------------------------+-------+-------++-------
Melee: Hand axe          |    72 |   146 ||   218
       Short sword       |       |    45 ||    45
 Abil: Spit Poison       |     7 |    15 ||    22
  Use: Scroll            |     1 |     6 ||     7
       Potion            |       |     4 ||     4
 Stab: Paralysed         |       |     2 ||     2
Armor: Leather armour    |    28 |   140 ||   168
Dodge: Dodged            |    40 |   166 ||   206

Table legend: (Time is in decaauts)
 A = Elapsed time spent in this place.
 B = Non-inter-level travel time spent in this place.
 C = Inter-level travel time spent in this place.
 D = Time resting spent in this place.
 E = Time spent auto-exploring this place.
 F = Levels seen in this place.
 G = Mean time per level.
                   A        B        C        D        E       F      G
               +--------+--------+--------+--------+--------+-----+--------+
         Total |   3835 |   3835 |      0 |    640 |      0 |   4 |  958.8 |
       Dungeon |   3835 |   3835 |      0 |    640 |      0 |   4 |  958.8 |
               +--------+--------+--------+--------+--------+-----+--------+

Top non-repeatable levels by time:
     D:2: 1245 daAuts
     D:3: 1095 daAuts
     D:1: 815 daAuts
     D:4: 679 daAuts
